 Dungeon Crawl Stone Soup version 0.30-a0-134-gb40fab5c76 (webtiles) character file.

Game seed: 11962568098391869033

561470 Ofeo the Crack Shot (level 24, -12/470 (486) HPs)
             Began as a Demonspawn Hexslinger on Sept 19, 2022.
             Was the Champion of Kikubaaqudgha.
             Killed from afar by an ancient lich (98 damage)
             ... with a crystal spear
             ... on level 5 of the Realm of Zot on Sept 20, 2022.
             The game lasted 03:17:50 (79257 turns).

Ofeo the Crack Shot (Demonspawn Hexslinger)        Turns: 79257, Time: 03:17:50

HP:   -12/470 (486) AC: 17    Str:  5 (6)  XL:     24   Next: 78%
MP:   0/40          EV:  8    Int: 24 (25) God:    Kikubaaqudgha [******]
Gold: 4440          SH:  0    Dex: 29 (31) Spells: 8/50 levels left

rFire   + + .      SeeInvis .    c - +8 autumn katana {vorpal, manifold assault}
rCold   + + .      Faith    .    (no shield)
rNeg    . . .      Spirit   +    d - +5 scale mail "Heewittafi" {rPois Int+8 Dex+2 Stlth-}
rPois   +          Reflect  .    N - +2 hat of the Bear Spirit {Spirit, *Rage Will++}
rElec   +          Harm     .    r - +2 cloak
rCorr   +          Rampage  .    (gloves unavailable)
Will    ++++.      Rage     20%  i - +2 pair of boots
Stlth   .......... Rnd*Tele +    L - amulet "Oghedulu" {rF+ Regen+ Slay+4}
HPRegen 10.68/turn               T - ring of Wonou {Will+ rCorr Dex+3}
MPRegen 0.27/turn                F - ring of protection from cold

@: berserking (expiring), resistant, corroded, vertiginous, hasted, studying
Fire Magic, lightly drained, invisible, very quick
A: rugged brown scales 2, ignite blood 3, powered by death 3, robust 2, demonic
touch 3, agile 1, deformed body, teleportitis 1, weak 2, no potion heal 1,
devolution 1
}: 4/15 runes: decaying, serpentine, slimy, silver
a: Renounce Religion, Unearth Wretches, Torment


You were on level 5 of the Realm of Zot.
You worshipped Kikubaaqudgha.
Kikubaaqudgha was exalted by your worship.
You visited 11 branches of the dungeon, and saw 53 of its levels.
You also visited: Gauntlet and Ice Cave.

You collected 8113 gold pieces.
You spent 3673 gold pieces at shops.

Inventory:

Hand Weapons
 a - a +9 longbow of pain
 b - the +8 hand crossbow "Ozxeuj" {penet, rF+ rN++ Will-}
   (You bought it in a shop on level 1 of the Depths)

   Any ammunition fired by it passes through the targets it hits, potentially
   hitting all targets in its path until it reaches maximum range.
   rF:        It protects you from fire.
   rN:        It greatly protects you from negative energy.
   Will:      It decreases your willpower.
 c - the +8 autumn katana (weapon) {vorpal, manifold assault}
   (You found it on level 3 of the Elven Halls)

   It sometimes launches melee attacks against multiple visible enemies.
Missiles
 P - 2 throwing nets
Armour
 d - the +5 scale mail "Heewittafi" (worn) {rPois Int+8 Dex+2 Stlth-}
   (You bought it in a shop on level 1 of the Depths)

   Int:       It affects your intelligence (+8).
   Dex:       It affects your dexterity (+2).
   rPois:     It protects you from poison.
   Stlth:     It makes you less stealthy.
 i - a +2 pair of boots (worn)
 r - a +2 cloak (worn)
 E - a +0 cloak of willpower
 N - the +2 hat of the Bear Spirit (worn) {Spirit, *Rage Will++}
   (You found it on level 1 of the Vaults)

   Going berserk makes the wearer tougher, and they're slowed less afterward.
   *Rage:     It berserks you when you make melee attacks (+20% chance).
   Will:      It greatly increases your willpower.
 U - +0 ice dragon scales
Jewellery
 e - a ring of flight
 l - an amulet of reflection
 F - a ring of protection from cold (right hand)
 G - the ring of Gin and Tonic {rC- rN++ MP+9 Str+2 Int+6 Stlth+}
   (You found it on level 3 of the Elven Halls)

   [ring of intelligence]

   Str:       It affects your strength (+2).
   Int:       It affects your intelligence (+6).
   rC:        It makes you vulnerable to cold.
   rN:        It greatly protects you from negative energy.
   MP:        It affects your magic capacity (+9).
   Stlth:     It makes you more stealthy.
 L - the amulet "Oghedulu" (around neck) {rF+ Regen+ Slay+4}
   (You found it in a Gauntlet)

   [amulet of regeneration]

   Slay:      It affects your accuracy & damage with ranged weapons and melee
   (+4).
   rF:        It protects you from fire.
   Regen:     It increases your rate of health regeneration.
 O - the amulet "Libigyho" {RegenMP Int+6 SInv}
   (You found it on level 3 of the Elven Halls)

   [amulet of magic regeneration]

   It increases your rate of magic regeneration.
   Int:       It affects your intelligence (+6).
   SInv:      It lets you see invisible.
 T - the ring of Wonou (left hand) {Will+ rCorr Dex+3}
   (You found it on level 5 of the Lair of Beasts)

   [ring of willpower]

   Dex:       It affects your dexterity (+3).
   rCorr:     It protects you from acid and corrosion.
   Will:      It increases your willpower.
 X - a ring of see invisible
Wands
 j - a wand of charming (62)
 p - a wand of light (25)
 D - a wand of roots (37)
 H - a wand of digging (4) {@v1}
 J - a wand of polymorph (17)
 K - a wand of mindburst (33)
Scrolls
 g - 5 scrolls of silence
 h - 2 scrolls of enchant weapon
 k - 6 scrolls of fear
 n - 4 scrolls of vulnerability
 o - 16 scrolls of teleportation {@r3}
 s - 14 scrolls of poison
 x - 11 scrolls of enchant armour
 z - 7 scrolls of fog
 C - 2 scrolls of magic mapping
 I - 8 scrolls of immolation
 R - 4 scrolls of blinking {@r4}
 V - 2 scrolls of amnesia
 Y - 5 scrolls of brand weapon
Potions
 f - a potion of resistance {@q6}
 m - 8 potions of invisibility
 q - 12 potions of curing {@q1}
 t - 7 potions of cancellation
 v - 6 potions of berserk rage
 w - 13 potions of attraction
 A - 7 potions of mutation
 B - 16 potions of flight
 M - 2 potions of brilliance
 Q - 6 potions of ambrosia
 S - 8 potions of magic
 W - 8 potions of haste {@q3}
 Z - 5 potions of might {@q4}
Miscellaneous
 u - a phial of floods
 y - a condenser vane


   Skills:
 * Level 17.3 Fighting
 - Level 12.0 Long Blades
 - Level 22.0 Ranged Weapons
 + Level 10.2 Armour
 + Level 15.8 Dodging
 - Level 13.8 Spellcasting
 - Level 9.1 Hexes
 - Level 21.1 Necromancy
 - Level 4.0 Translocations
 - Level 6.0 Transmutations
 - Level 5.0 Earth Magic
 - Level 5.8 Evocations


You had 8 spell levels left.
You knew the following spells:

 Your Spells              Type           Power      Damage    Failure   Level
c - Cause Fear            Hex            28%        N/A       19%         4
d - Portal Projectile     Hex/Tloc       96%        N/A       17%         3
e - Animate Dead          Necr           87%        N/A       1%          4
f - Wereblood             Tmut           45%        N/A       12%         2
g - Borgnjor's Vile Clut  Necr/Erth      34%        N/A       12%         5
h - Death Channel         Necr           43%        N/A       3%          6
i - Dispel Undead         Necr           87%        3d28      1%          4
j - Sublimation of Blood  Necr           87%        N/A       1%          2
k - Leda's Liquefaction   Hex/Erth       25%        N/A       38%         4
l - Borgnjor's Revivific  Necr           43%        N/A       58%         8

Your spell library contained the following spells:

 Spells                   Type           Power      Damage    Failure   Level
 Necrotise                Necr           100%       1d9       1%          1
 Vampiric Draining        Necr           87%        2d12      1%          3
 Agony                    Necr           87%        N/A       1%          5
 Slow                     Hex            100%       N/A       3%          1
 Confusing Touch          Hex            57%        N/A       8%          3
 Tukima's Dance           Hex            57%        N/A       8%          3
 Beastly Appendage        Tmut           90%        N/A       9%          1
 Cigotuvi's Dreadful Rot  Necr/Pois/Air  100%       N/A       9%          2
 Sandblast                Erth           80%        2d17      12%         1
 Passwall                 Tmut/Erth      35%        N/A       14%         2
 Apportation              Tloc           70%        N/A       17%         1
 Ensorcelled Hibernation  Hex/Ice        76%        N/A       19%         2
 Sting                    Tmut/Pois      100%       1d8       24%         1
 Blink                    Tloc           70%        N/A       24%         2
 Dazzling Flash           Conj/Hex       76%        N/A       34%         3
 Inner Flame              Hex/Fire       38%        N/A       34%         3
 Summon Guardian Golem    Hex/Summ       38%        N/A       34%         3
 Spider Form              Tmut/Pois      31%        N/A       52%         3
 Foxfire                  Conj/Fire      64%        2x1d7     56%         1
 Freeze                   Ice            64%        1d8       56%         1
 Petrify                  Tmut/Erth      43%        N/A       56%         4
 Stone Arrow              Conj/Erth      56%        3d10      58%         3
 Yara's Violent Unravell  Hex/Tmut       26%        3d11      63%         5
 Poisonous Vapours        Pois/Air       32%        N/A       69%         2
 Static Discharge         Conj/Air       32%        2-4/arc   69%         2
 Fulminant Prism          Conj/Hex       19%        3d11      69%         4
 Kindle Blastsparks       Fire/Tloc/Air  44%        2d13      73%         3
 Manifold Assault         Tloc           35%        N/A       77%         4
 Passage of Golubria      Tloc           35%        N/A       77%         4
 Simulacrum               Ice/Necr       30%        N/A       78%         6
 Blade Hands              Tmut           22%        N/A       83%         5
 Ice Form                 Ice/Tmut       31%        N/A       87%         4
 Call Canine Familiar     Summ           16%        N/A       88%         3
 Frozen Ramparts          Ice            32%        1d5       88%         3
 Mephitic Cloud           Conj/Pois/Air  16%        N/A       88%         3
 Ozocubu's Armour         Ice            16%        N/A       88%         3
 Swiftness                Air            16%        N/A       88%         3
 Animate Armour           Summ/Erth      56%        N/A       91%         4
 Iskenderun's Mystic Bla  Conj/Tloc      26%        2d7       95%         4
 Metabolic Englaciation   Hex/Ice        19%        N/A       95%         5
 Flame Wave               Conj/Fire      16%        2d7       99%         4
 Olgreb's Toxic Radiance  Pois           16%        N/A       99%         4
 Summon Ice Beast         Ice/Summ       16%        N/A       99%         4
 Alistair's Intoxication  Tmut/Pois      20%        N/A       99%         5
 Irradiate                Conj/Tmut      15%        3d16      99%         5
 Haunt                    Necr/Summ      30%        N/A       99%         7
 Arcjolt                  Conj/Air       8%         1d18      100%        5
 Fireball                 Conj/Fire      8%         3d6       100%        5
 Iskenderun's Battlesphe  Conj           16%        2d7       100%        5
 Conjure Ball Lightning   Conj/Air       8%         3x3d6     100%        6
 Eringya's Noxious Bog    Tmut/Pois      15%        N/A       100%        6
 Iron Shot                Conj/Erth      14%        9d4       100%        6
 Starburst                Conj/Fire      8%         6d4       100%        6
 Statue Form              Tmut/Erth      28%        N/A       100%        6
 Dragon Form              Tmut           22%        N/A       100%        7
 Enfeeble                 Hex            28%        N/A       100%        7
 Malign Gateway           Summ/Tloc      13%        N/A       100%        7
 Orb of Destruction       Conj           8%         9d6       100%        7
 Ozocubu's Refrigeration  Ice            8%         4d9       100%        7
 Spellforged Servitor     Conj/Summ      8%         N/A       100%        7
 Storm Form               Tmut/Air       15%        N/A       100%        7
 Ignition                 Fire           8%         3d5       100%        8
 Maxwell's Capacitive Co  Air            8%         ∞         100%        8
 Necromutation            Tmut/Necr      34%        N/A       100%        8
 Summon Horrible Things   Summ           8%         N/A       100%        8
 Chain Lightning          Conj/Air       8%         3d10      100%        9
 Death's Door             Necr           43%        N/A       100%        9
 Fire Storm               Conj/Fire      8%         8d2       100%        9
 Polar Vortex             Ice            8%         N/A       100%        9
 Shatter                  Erth           20%        3d18*     100%        9


Dungeon Overview and Level Annotations

Branches:
Dungeon (15/15)            Temple (1/1) D:5            Lair (5/5) D:8
  Swamp (4/4) Lair:3        Snake (4/4) Lair:2        Slime (5/5) Lair:5
    Orc (2/2) D:12            Elf (3/3) Orc:2        Vaults (5/5) D:13
  Crypt (0/3) Vaults:2     Depths (4/4) D:15            Zot (5/5) Depths:4
  IceCv (visited)         Gauntlet (visited)

Altars:
Ashenzari
Cheibriados
Dithmenos
Fedhas
Kikubaaqudgha
Makhleb
Okawaru
Ru
Sif Muna
Trog
Uskayaw
Vehumet
Wu Jian
Xom
Yredelemnul
Jiyva

Shops:
D:6 [*[   D:9 [   Orc:2 ((=[*   Elf:1 (   Elf:3 ==:   Snake:2 *?   Vaults:1 (
Vaults:5 [   Depths:1 ((![*   Depths:4 *

Portals:
Hell: Lair:5 Depths:1 Depths:2 Depths:3 Depths:4
Abyss: Depths:1 Depths:3
Pandemonium: Depths:2
Ziggurat: Depths:2

Annotations:
D:9 3 runed translucent doors, greasedhog's ghost, journeyman FoFi
D:10 1 runed translucent door, greasedhog's ghost, journeyman GrEn
Lair:4 2 transporters, Kesmoz's ghost, journeyman MfBe
Swamp:2 1 runed translucent door, Cibudwam's ghost, adept GrBe
Vaults:3 Boris
Vaults:4 1 transporter
Depths:2 1 runed translucent door, Vv
Depths:3 Parghit
Zot:1 1 runed translucent door, purpskrrrp's ghost, master TrFi


Innate Abilities, Weirdness & Mutations

You are mostly covered in rugged brown scales. (AC +2, +5% HP)
Your demonic aura causes all spilled blood to erupt in flames.
You regenerate a lot of health from kills.
You are very robust. (+20% HP)
Your touch may irresistibly damage your foes and sap their willpower.
You are agile. (Dex +4, Str/Int -1)
Armour fits poorly on your strangely shaped body.
You are occasionally teleported next to monsters.
You are very weak. (Str -4)
Potions are less effective at restoring your health.
You have hidden genetic defects.


Message History

You slash the Orb Guardian!
The Orb Guardian is severely wounded.
The moth of wrath's fur bristles in rage as it notices you.
You regained 4 hp, and now have 125/478 hp.
You slice the Orb Guardian!!
The Orb Guardian is almost dead.
The moth of wrath's fur bristles in rage as it notices you.
The Orb Guardian is engulfed in blazing flames.
The Orb Guardian hits you!
* * * LOW HITPOINT WARNING * * *
Something touches you!
* * * LOW HITPOINT WARNING * * *
You feel drained.
* * * LOW HITPOINT WARNING * * *
The ancient lich mumbles some strange words.
The ancient lich seems to speed up.
You take 18 damage, and have 107/468 hp.
You slice the Orb Guardian!!
You kill the Orb Guardian!
Kikubaaqudgha accepts your kill.
The moth of wrath's fur bristles in rage as it notices you.
You regained 5 hp, and now have 112/470 hp.
You are too berserk!
You are too berserk!
Unknown command.
You are too berserk!
You miss something.
The moth of wrath's fur bristles in rage as it notices you.
The Killer Klown pies you viciously! The klown pie hits you!!
Plum!
You feel light-headed.
* * * LOW HITPOINT WARNING * * *
The moth of wrath is engulfed in blazing flames.
The orb of fire emits a lurid red light.
Strange energies course through your body.
Your system partially rejects the healing effects of potions.
You hear some strange, mumbled words.
A crystal spear appears from out of thin air!
The crystal spear hits you!!!!
You die...
Kikubaaqudgha rasps: "You have failed me!
Welcome... death!"

▓▓▓▓▓▓▓▓▓
▓▓▓▓........
▓▓▓☼@§p...9...
▓▓.○☼{*L.......
▓..dq°y.q......
▓..d.○d.dd.....
▓..............
▓.....^........
................
.▓.[............
▓.............^


You could see an orb of fire, a Killer Klown, an electric golem, an ancient lich
(fast), a black draconian (unable to see you), a purple draconian (unable to see
you), 3 draconians, a purple draconian shifter (unable to see you), a red
draconian scorcher (unable to see you, catching breath) and a moth of wrath
(wandering, unable to see you).

Vanquished Creatures
  the Royal Jelly (Slime:5)
  4 dread liches
  3 ancient liches
  4 orbs of fire (Zot:5)
  A juggernaut (Depths:3)
  A Killer Klown (Zot:5)
  Bai Suzhen (Depths:2)
  Margery (Vaults:5)
  2 curse toes
  A caustic shrike (Depths:3)
  17 golden dragons
  An electric golem (Zot:2)
  Jorgrun (D:13)
  13 tentacled monstrosities
  Zenata (Vaults:3)
  5 liches
  13 Orb Guardians (Zot:5)
  A walking earthen tome (Depths:4)
  2 deep elf blademasters (Elf:3)
  11 acid blobs
  2 deep elf master archers (Elf:3)
  4 titans (Vaults:5)
  10 quicksilver dragons
  9 death cobs
  3 sphinxes
  A walking divine tome (Depths:4)
  7 tengu reavers
  3 thorn hunters (Swamp:4)
  6 storm dragons
  9 shadow dragons
  Kirke (D:12)
  3 fenstrider witches
  12 rockslimes
  12 azure jellies
  11 frost giants
  2 draconian knights (Zot:1)
  5 fire giants
  4 draconian monks
  7 draconian scorchers
  4 deep elf sorcerers
  5 nagarajas
  10 vault wardens
  Louise (Depths:1)
  3 iron dragons
  An orc warlord (Orc:2)
  6 deep elf elementalists (Elf:3)
  A balrug (Depths:2)
  5 draconian stormcallers
  6 draconian shifters
  11 ironbound preservers
  2 draconian annihilators
  2 ghost moths
  16 quicksilver oozes
  9 very ugly things
  An ironbound thunderhulk (Vaults:4)
  A vampire knight (Depths:2)
  15 stone giants
  6 green draconians
  5 black draconians
  5 deep elf demonologists
  6 eleionomae
  7 dire elephants
  A minotaur (Gauntlet)
  6 red draconians
  6 purple draconians
  8 bunyips
  4 deep elf annihilators
  9 white draconians
  9 yellow draconians
  An entropy weaver (Vaults:5)
  3 spark wasps
  Josephine (Lair:3)
  8 fire dragons
  7 deep elf death magi
  2 shambling mangroves
  9 ettins
  3 deep elf high priests
  16 yaktaur captains
  7 great orbs of eyes
  2 rakshasas
  A hell beast (Depths:2)
  8 ice dragons
  Fannar (Lair:3)
  29 vault guards
  A ghost crab (Swamp:4)
  2 catoblepae
  5 spriggan air magi
  2 hydras (shapeshifter) (Vaults:5)
  4 centaur warriors
  18 hydras
  2 salamander tyrants
  9 anacondas
  7 ogre magi
  8 ironbound frosthearts
  12 two-headed ogres
  10 death yaks
  6 boulder beetles
  4 naga warriors
  29 dancing weapons
  2 deep troll shamans
  8 alligators
  6 naga sharpshooters
  7 deep troll earth magi
  4 orc high priests
  2 vampire magi (Depths:1)
  8 tengu warriors
  19 deep elf knights
  A spriggan berserker (Depths:3)
  16 hell knights
  6 shock serpents
  2 sun demons
  Sonja (Lair:3)
  A soul eater (Depths:2)
  3 iron trolls
  7 goliath frogs
  5 salamander mystics
  A glowing orange brain (shapeshifter) (Vaults:5)
  An orb spider (shapeshifter) (Depths:3)
  A sea snake (Gauntlet)
  32 deep trolls
  7 bog bodies
  A spriggan druid (Swamp:1)
  9 swamp dragons
  11 deep elf archers
  2 flayed ghosts
  9 wizards
  4 naga ritualists (Snake:4)
  3 phantasmal warriors
  14 lindwurms
  9 orc knights
  3 glowing orange brains
  13 ironbound convokers
  8 mana vipers
  7 necromancers
  19 deep elf zephyrmancers
  34 deep elf pyromancers
  5 manticores
  A spectral centaur (Gauntlet)
  7 orc sorcerers
  21 ugly things
  19 moths of wrath
  10 salamanders
  3 will-o-the-wisps
  4 shining eyes
  5 cyclopes
  9 elephants
  2 smoke demons (D:13)
  37 black mambas
  5 guardian serpents
  12 vault sentinels
  A torpor snail (Gauntlet)
  11 naga magi
  3 ice statues (IceCv)
  An eye of devastation (Slime:4)
  18 cane toads
  3 orange demons (Lair:5)
  A minotaur zombie (Gauntlet)
  A gargoyle (Gauntlet)
  A human zombie (Vaults:1)
  11 rime drakes
  6 komodo dragons
  3 kobold demonologists (D:12)
  3 freezing wraiths (Vaults:5)
  A hellwing (Lair:5)
  2 efreet
  2 komodo dragons (shapeshifter)
  4 tengu conjurers
  31 yaktaurs
  A human skeleton (Vaults:2)
  A yaktaur skeleton (Vaults:1)
  2 ice devils (Lair:5)
  4 polar bears
  10 trolls
  10 tyrant leeches
  14 hornets
  2 bloated husks (Swamp:4)
  A polar bear (shapeshifter) (D:15)
  2 human simulacra
  79 slime creatures
  9 blink frogs
  5 dream sheep (Lair:5)
  An elf skeleton (Vaults:2)
  2 vampires
  8 spriggans
  2 air elementals
  An ettin skeleton (Vaults:2)
  A wyvern (D:7)
  10 water elementals
  6 wraiths
  3 basilisks
  39 yaks
  A slime creature zombie (Slime:2)
  A neqoxec (Depths:2)
  3 golden eyes
  8 fire elementals
  A hog (shapeshifter) (Elf:2)
  An elf simulacrum (Vaults:2)
  4 hogs (D:12)
  2 steam dragons
  11 vampire mosquitoes
  A deep troll zombie (Depths:3)
  A tengu zombie (Depths:3)
  8 wargs
  4 small abominations (Gauntlet)
  15 swamp worms
  4 acid dragons
  37 nagas
  4 hell hounds (Lair:5)
  18 water moccasins
  A cane toad zombie (Lair:3)
  12 swamp drakes
  29 orc warriors
  An orc zombie (Vaults:1)
  5 ice beasts
  2 black bears (Lair:3)
  4 boggarts (Vaults:4)
  11 ogres
  12 wolves
  3 great orb of eyes simulacra (IceCv)
  7 centaurs
  A torpor snail zombie (Gauntlet)
  7 slime creature simulacra (IceCv)
  5 kobold brigands
  A phantom (D:5)
  A gnoll sergeant (D:9)
  6 bullfrogs
  2 glowing shapeshifter simulacra (IceCv)
  4 scorpions
  A necrophage (D:6)
  3 earth elementals
  9 wights
  3 howler monkeys
  A jelly (D:4)
  3 hounds
  16 orc priests
  3 iguanas
  30 orc wizards
  3 shapeshifter simulacra (IceCv)
  14 gnolls
  7 adders
  A shadow imp (D:6)
  A white imp (D:7)
  An ufetubus (D:6)
  A worm (shapeshifter) (D:14)
  3 worms
  2 dart slugs
  84 orcs
  12 ball pythons
  4 bats
  8 endoplasms
  4 giant cockroaches
  3 goblins
  13 hobgoblins
  13 jackals
  34 kobolds
  4 quokkas
  8 frilled lizards
  4 rats
  2 briar patches (Swamp:4)
  A butterfly (Lair:1)
1859 creatures vanquished.

Vanquished Creatures (collateral kills)
  Gastronok (Lair:3)
  A quicksilver ooze (IceCv)
  3 vault guards (Vaults:5)
  2 boulder beetles (Lair:3)
  A hell knight (Vaults:5)
  A death drake (Gauntlet)
  A wizard (Vaults:1)
  A spectral centaur (Gauntlet)
  A yaktaur (Vaults:5)
  A blink frog (Lair:3)
  3 slime creatures (Slime:2)
  A great orb of eyes simulacrum (IceCv)
  A gnoll (D:7)
18 creatures vanquished.

Vanquished Creatures (others)
  A fire giant (Vaults:5)
  A stone giant (Vaults:5)
  A quicksilver ooze zombie (Slime:4)
  A deep elf knight (Elf:3)
  An orb spider (Gauntlet)
  A swamp dragon (Zot:2)
  A stone giant zombie (Depths:3)
  A water nymph (Gauntlet)
  A cane toad (Lair:3)
  A sea snake zombie (Gauntlet)
  An orb spider zombie (Gauntlet)
  A rime drake (IceCv)
  An iron troll zombie (Depths:3)
  A death drake zombie (Gauntlet)
  A bloated husk (Swamp:1)
  3 slime creature zombies
  A water nymph zombie (Gauntlet)
  A water moccasin (Lair:3)
  An ice beast (IceCv)
  An orc zombie (Orc:2)
  A blink frog zombie (Lair:3)
  A boggart (Vaults:4)
  A rime drake zombie (IceCv)
  A bullfrog (Lair:2)
  2 water moccasin zombies (Lair:3)
  A gnoll bouda (D:7)
  An ice beast zombie (IceCv)
  A briar patch (Swamp:4)
  A bush (Lair:5)
  6 foxfires
  30 fungi
  45 plants
113 creatures vanquished.

Grand Total: 1990 creatures vanquished

Notes
Turn   | Place    | Note
-------+----------+-------------------------------------------
     0 | D:1      | Ofeo the Demonspawn Hexslinger began the quest for the Orb.
     0 | D:1      | Reached XP level 1. HP: 15/15 MP: 2/2
    31 | D:1      | Gained mutation: Your demonic aura sometimes causes spilled
                  | blood to erupt in flames. [demonic ancestry]
    31 | D:1      | Reached XP level 2. HP: 5/21 MP: 1/3
    32 | D:1      | Reached skill level 2 in Ranged Weapons
    34 | D:1      | HP: 1/21 [jackal (2)]
   608 | D:1      | Reached XP level 3. HP: 26/26 MP: 5/5
  1636 | D:2      | Reached XP level 4. HP: 33/33 MP: 6/6
  2251 | D:3      | Found a faded altar of an unknown god.
  2509 | D:3      | Found a hide-covered altar of Uskayaw.
  2510 | D:3      | Found a shimmering altar of Xom.
  3446 | D:4      | Learned a level 3 spell: Inner Flame
  3512 | D:4      | Reached XP level 5. HP: 38/38 MP: 8/8
  4126 | D:4      | Reached skill level 3 in Ranged Weapons
  4185 | D:4      | Gained mutation: You are partially covered in rugged brown
                  | scales. (AC +1, +3% HP) [demonic ancestry]
  4185 | D:4      | Reached XP level 6. HP: 27/47 MP: 5/9
  4756 | D:4      | You fall into a shaft and drop 3 floors!
  4903 | D:7      | Learned a level 4 spell: Cause Fear
  4907 | D:7      | Found a shimmering blue altar of Sif Muna.
  4923 | D:7      | Noticed an ice beast
  4950 | D:7      | Killed an ice beast
  4951 | D:7      | Gained mutation: Your demonic aura often causes spilled
                  | blood to erupt in flames. [demonic ancestry]
  4951 | D:7      | Reached XP level 7. HP: 44/53 MP: 11/11
  5280 | D:7      | Noticed a wyvern
  5860 | D:6      | Found Bieptiu's Antique Armour Shoppe.
  5874 | D:6      | Bought a pair of embroidered gloves for 195 gold pieces
  5888 | D:5      | Entered Level 5 of the Dungeon
  5901 | D:5      | Found a staircase to the Ecumenical Temple.
  5914 | Temple   | Entered the Ecumenical Temple
  5953 | Temple   | Became a worshipper of Kikubaaqudgha
  6657 | D:5      | Reached skill level 5 in Hexes
  6741 | D:5      | Reached skill level 4 in Ranged Weapons
  7156 | D:5      | Gained mutation: Your touch may inflict minor irresistible
                  | damage on your foes. [demonic ancestry]
  7156 | D:5      | Reached XP level 8. HP: 33/61 MP: 13/13
  7794 | D:6      | Found an iron altar of Okawaru.
  8393 | D:6      | Found Miero's General Store.
  8401 | D:6      | Bought a +0 longbow for 71 gold pieces
  8401 | D:6      | Bought a potion of curing for 33 gold pieces
  8833 | D:6      | Found Asirghin's Armour Shop.
  9378 | D:7      | Reached skill level 5 in Fighting
  9550 | D:7      | Reached skill level 5 in Ranged Weapons
  9696 | D:7      | Reached skill level 5 in Dodging
  9696 | D:7      | Gained mutation: You are mostly covered in rugged brown
                  | scales. (AC +2, +5% HP) [demonic ancestry]
  9696 | D:7      | Reached XP level 9. HP: 63/71 MP: 16/16
  9797 | D:7      | Reached * piety under Kikubaaqudgha
  9797 | D:7      | Received a gift from Kikubaaqudgha
  9800 | D:7      | Reached skill level 5 in Spellcasting
 10757 | D:8      | Found a staircase to the Lair.
 10767 | D:8      | Found a broken altar of Ashenzari.
 11207 | D:8      | Learned a level 3 spell: Portal Projectile
 11298 | D:6      | Bought a +1 pair of boots for 172 gold pieces
 11665 | D:9      | Found a runed translucent gate.
 11666 | D:9      | Found a runed translucent gate.
 11667 | D:9      | Found a runed translucent gate.
 11671 | D:9      | Noticed greasedhog's ghost (journeyman FoFi)
 11697 | D:9      | Found Hudaaqiurph's Armour Emporium.
 11721 | D:9      | Reached skill level 6 in Ranged Weapons
 12413 | D:9      | Found an ornate altar of the Wu Jian Council.
 12439 | D:9      | Found a viscous altar of Jiyva.
 12459 | D:10     | Entered Level 10 of the Dungeon
 12473 | D:10     | Reached ** piety under Kikubaaqudgha
 12476 | D:10     | Noticed a two-headed ogre
 12480 | D:10     | Killed a two-headed ogre
 12481 | D:10     | Reached XP level 10. HP: 80/80 MP: 17/19
 12482 | D:10     | Found a runed translucent door.
 12499 | D:10     | Noticed greasedhog's ghost (journeyman GrEn)
 12747 | D:10     | Learned a level 4 spell: Animate Dead
 13188 | D:10     | Reached skill level 1 in Necromancy
 14095 | D:11     | Noticed a cyan ugly thing
 14103 | D:11     | Killed a cyan ugly thing
 14685 | D:11     | Noticed a two-headed ogre
 14692 | D:11     | Killed a two-headed ogre
 14693 | D:11     | Reached skill level 7 in Ranged Weapons
 14891 | D:12     | Noticed a cyclops
 14893 | D:12     | Killed a cyclops
 14894 | D:12     | Reached XP level 11. HP: 88/88 MP: 21/21
 14909 | D:12     | Found a staircase to the Orcish Mines.
 15240 | D:12     | Noticed a boulder beetle
 15262 | D:12     | Killed a boulder beetle
 15600 | D:12     | Noticed Kirke
 15612 | D:12     | Killed Kirke
 15700 | D:12     | Noticed a brown ugly thing
 15701 | D:12     | Noticed a boulder beetle
 15708 | D:12     | Killed a brown ugly thing
 15711 | D:12     | Reached *** piety under Kikubaaqudgha
 15711 | D:12     | Received a gift from Kikubaaqudgha
 15713 | D:12     | HP: 1/90 [boulder beetle (34)]
 16038 | Lair:1   | Entered Level 1 of the Lair of Beasts
 16090 | Lair:1   | Reached skill level 5 in Necromancy
 16820 | D:8      | Found a broken altar of Ashenzari.
 16859 | D:8      | Found a staircase to the Lair.
 18576 | Lair:1   | Reached skill level 8 in Ranged Weapons
 18582 | Lair:1   | Learned a level 2 spell: Wereblood
 18588 | Lair:1   | Learned a level 5 spell: Borgnjor's Vile Clutch
 18646 | Lair:1   | Reached XP level 12. HP: 90/98 MP: 23/23
 19908 | Lair:2   | Found a sacrificial altar of Ru.
 19912 | Lair:2   | Noticed a catoblepas
 21297 | Lair:2   | Reached **** piety under Kikubaaqudgha
 21454 | Lair:2   | Found a staircase to the Snake Pit.
 21771 | Lair:2   | Killed a catoblepas
 21772 | Lair:2   | Reached skill level 9 in Ranged Weapons
 22093 | Lair:2   | Reached skill level 10 in Fighting
 22916 | Lair:3   | Noticed an eight-headed hydra
 23051 | Lair:3   | Noticed Josephine
 23059 | Lair:3   | Killed Josephine
 23383 | Lair:2   | Killed an eight-headed hydra
 23696 | Lair:3   | Reached XP level 13. HP: 93/108 MP: 24/24
 24120 | Lair:3   | Noticed Gastronok
 24144 | Lair:3   | Killed Gastronok
 24163 | Lair:3   | Found a staircase to the Swamp.
 24249 | Lair:3   | Noticed Sonja
 24251 | Lair:3   | Killed Sonja
 24774 | Lair:3   | Noticed Fannar
 24784 | Lair:3   | Killed Fannar
 25757 | Lair:4   | Found a gate leading to a gauntlet.
 25766 | Gauntlet | Entered a Gauntlet
 25766 | Gauntlet | Found a transporter.
 25769 | Gauntlet | Found a transporter.
 25773 | Gauntlet | Found a transporter.
 25778 | Gauntlet | Found a transporter.
 25781 | Gauntlet | Found a transporter.
 25785 | Gauntlet | Found a transporter.
 25790 | Gauntlet | Found a transporter.
 25793 | Gauntlet | Found a transporter.
 25797 | Gauntlet | Found a transporter.
 25802 | Gauntlet | Found a transporter.
 25803 | Gauntlet | Found a runed translucent gate.
 25803 | Gauntlet | Found a runed translucent gate.
 25803 | Gauntlet | Found a runed translucent gate.
 25805 | Gauntlet | Found a transporter.
 25809 | Gauntlet | Found a transporter.
 25814 | Gauntlet | Found a transporter.
 25814 | Gauntlet | Noticed a reaper
 25817 | Gauntlet | Found a transporter.
 26067 | Gauntlet | Identified the amulet "Oghedulu" {rF+ Regen+ Slay+4}
 26079 | Gauntlet | Reached skill level 10 in Ranged Weapons
 26079 | Gauntlet | Reached skill level 10 in Dodging
 26381 | Gauntlet | Noticed a minotaur
 26392 | Gauntlet | Killed a minotaur
 26907 | Lair:4   | Found a transporter.
 27419 | Lair:4   | Found a transporter.
 27427 | Lair:4   | Noticed Kesmoz's ghost (journeyman MfBe)
 28265 | Lair:4   | Reached skill level 10 in Necromancy
 28449 | Lair:5   | Entered Level 5 of the Lair of Beasts
 28452 | Lair:5   | Reached skill level 1 in Earth Magic
 28910 | Lair:5   | Gained mutation: Your demonic aura causes all spilled blood
                  | to erupt in flames. [demonic ancestry]
 28910 | Lair:5   | Reached XP level 14. HP: 109/118 MP: 25/25
 29074 | Lair:5   | Identified the +7 chain mail "Dyryadd" {MP+9 Str+3}
 29369 | Lair:5   | Found a staircase to the Slime Pits.
 30197 | Lair:5   | Found a burning altar of Makhleb.
 30221 | Lair:5   | Reached skill level 11 in Ranged Weapons
 30233 | Lair:5   | Reached ***** piety under Kikubaaqudgha
 30443 | Lair:5   | Found a gateway to Hell.
 30450 | Lair:5   | Identified the ring of Wonou {Will+ rCorr Dex+3}
 31105 | Orc:1    | Entered Level 1 of the Orcish Mines
 31284 | Orc:2    | Entered Level 2 of the Orcish Mines
 31377 | Orc:2    | Found a staircase to the Elven Halls.
 31383 | Orc:2    | Found Xaahos's Weapon Shop.
 31801 | Orc:2    | Noticed an orc warlord
 32062 | Orc:2    | Killed an orc warlord
 32540 | Orc:2    | Reached skill level 5 in Earth Magic
 33416 | Orc:2    | Found Fistakaf's Antique Armour Boutique.
 33417 | Orc:2    | Found Paorph's Antique Weapon Shop.
 33419 | Orc:2    | Found Ygithrih's General Store.
 33419 | Orc:2    | Found Qabiuwn's Jewellery Boutique.
 33434 | Orc:2    | Bought 3 scrolls of enchant armour for 292 gold pieces
 33434 | Orc:2    | Bought a scroll of teleportation for 39 gold pieces
 33435 | Orc:2    | Bought a ring of poison resistance for 300 gold pieces
 33923 | Orc:1    | Reached ****** piety under Kikubaaqudgha
 33938 | Orc:1    | Reached skill level 12 in Ranged Weapons
 33939 | Orc:1    | Identified a +7 longbow of pain (a +5 longbow bloodied by
                  | Kikubaaqudgha)
 33939 | Orc:1    | Received a gift from Kikubaaqudgha
 34138 | Orc:1    | Found a radiant altar of Vehumet.
 34276 | Orc:1    | Gained mutation: Your touch may inflict irresistible damage
                  | on your foes. [demonic ancestry]
 34276 | Orc:1    | Reached XP level 15. HP: 126/126 MP: 26/26
 34679 | D:13     | Found a frozen archway.
 34688 | IceCv    | Entered an ice cave
 35318 | IceCv    | Found a viscous altar of Jiyva.
 35318 | IceCv    | Noticed an azure jelly
 35331 | IceCv    | Killed an azure jelly
 35360 | IceCv    | Identified the +5 ring mail of Mugampen {rPois rCorr Dex+4}
 35362 | IceCv    | Identified the amulet of Loru {Regen+ Int+2}
 36032 | D:13     | Identified the +7 hand axe of Dithmenos's Delight {speed,
                  | rF+ rN+ Will+}
 36196 | D:13     | Noticed a fire giant
 36536 | D:13     | Killed a fire giant
 36682 | D:13     | Noticed Jorgrun
 36785 | D:13     | Killed Jorgrun
 36786 | D:13     | Reached skill level 13 in Ranged Weapons
 36972 | D:13     | Found a gate to the Vaults.
 38565 | D:15     | Entered Level 15 of the Dungeon
 39026 | D:15     | Found a basalt altar of Yredelemnul.
 39115 | D:15     | Reached skill level 14 in Ranged Weapons
 39273 | D:15     | Found a shimmering altar of Xom.
 39332 | D:15     | Gained mutation: You regenerate a little health from kills.
                  | [demonic ancestry]
 39332 | D:15     | Reached XP level 16. HP: 133/133 MP: 27/27
 39338 | D:15     | Reached skill level 15 in Necromancy
 39537 | D:15     | Found a staircase to the Depths.
 39979 | Snake:1  | Entered Level 1 of the Snake Pit
 41125 | Snake:2  | Found Dujiw's Assorted Antiques.
 41134 | Snake:2  | Bought a scroll of enchant weapon for 247 gold pieces
 41134 | Snake:2  | Bought a scroll labelled ZOXTOY TOZOCUNAYF for 33 gold
                  | pieces
 41134 | Snake:2  | Bought a scroll of blinking for 247 gold pieces
 41162 | Snake:2  | Found Ynomech's Magic Scroll Shop.
 41172 | Snake:2  | Bought a scroll of fear for 64 gold pieces
 41172 | Snake:2  | Bought a scroll of poison for 64 gold pieces
 41172 | Snake:2  | Bought a scroll of poison for 64 gold pieces
 41330 | Snake:2  | You fall into a shaft and drop 1 floor!
 41652 | Snake:2  | Reached skill level 15 in Ranged Weapons
 42972 | Snake:4  | Entered Level 4 of the Snake Pit
 43799 | Snake:4  | Gained mutation: Your touch may irresistibly damage your
                  | foes and sap their willpower. [demonic ancestry]
 43799 | Snake:4  | Reached XP level 17. HP: 139/139 MP: 28/28
 43804 | Snake:4  | Reached skill level 16 in Ranged Weapons
 44178 | Snake:4  | Noticed a quicksilver dragon
 44182 | Snake:4  | Noticed a quicksilver dragon
 44183 | Snake:4  | Killed a quicksilver dragon
 44187 | Snake:4  | Killed a quicksilver dragon
 44463 | Snake:4  | Got a serpentine rune of Zot
 44956 | Swamp:1  | Entered Level 1 of the Swamp
 45989 | Swamp:1  | Reached skill level 17 in Ranged Weapons
 46514 | Swamp:1  | Learned a level 6 spell: Death Channel
 46686 | Swamp:2  | Found a runed translucent door.
 47132 | Swamp:2  | Noticed Cibudwam's ghost (adept GrBe)
 47454 | Swamp:3  | Reached skill level 18 in Ranged Weapons
 47869 | Swamp:4  | Entered Level 4 of the Swamp
 48191 | Swamp:4  | Gained mutation: You regenerate health from kills. [demonic
                  | ancestry]
 48191 | Swamp:4  | Reached XP level 18. HP: 147/147 MP: 29/29
 48423 | Swamp:4  | Reached skill level 19 in Ranged Weapons
 48439 | Swamp:4  | Got a decaying rune of Zot
 49368 | Vaults:1 | Entered Level 1 of the Vaults
 50072 | Vaults:1 | Found the +2 hat of the Bear Spirit {Spirit, *Rage Will++}
 50080 | Vaults:1 | Identified the +1 robe of Indecent Exposure {rC- Will++}
 50089 | Vaults:1 | Found a radiant altar of Vehumet.
 50089 | Vaults:1 | Noticed a lich
 50096 | Vaults:1 | Learned a level 4 spell: Dispel Undead
 50103 | Vaults:1 | Killed a lich
 50104 | Vaults:1 | Reached skill level 20 in Ranged Weapons
 50110 | Vaults:1 | Identified the +2 hat of Bellicose Surprise {rN+ Str+4}
 50114 | Vaults:1 | Identified the +0 robe of the Will of the Gods {Will++
                  | Str-4}
 50290 | Vaults:1 | Found Gufupar's Weapon Emporium.
 51145 | Vaults:2 | Reached skill level 21 in Ranged Weapons
 51493 | Vaults:2 | Gained mutation: You are robust. (+10% HP) [demonic
                  | ancestry]
 51493 | Vaults:2 | Reached XP level 19. HP: 135/167 MP: 27/30
 52118 | Vaults:2 | Found a staircase to the Crypt.
 52118 | Vaults:2 | Found a basalt altar of Yredelemnul.
 52118 | Vaults:2 | Found an ancient bone altar of Kikubaaqudgha.
 52385 | Vaults:3 | Noticed Boris
 52489 | Vaults:3 | Noticed Zenata
 52499 | Vaults:3 | Killed Zenata
 52728 | Vaults:3 | Reached skill level 22 in Ranged Weapons
 52778 | Vaults:3 | You fall into a shaft and drop 1 floor!
 52797 | Vaults:4 | Reached skill level 1 in Armour
 54757 | Vaults:4 | Found a shimmering blue altar of Sif Muna.
 54761 | Vaults:4 | Found a transporter.
 55421 | Vaults:5 | Entered Level 5 of the Vaults
 55651 | Elf:1    | Entered Level 1 of the Elven Halls
 55679 | Elf:1    | Found a radiant altar of Vehumet.
 55947 | Elf:1    | Found Coqazxon's Weapon Shoppe.
 56981 | Elf:2    | Gained mutation: You are very robust. (+20% HP) [demonic
                  | ancestry]
 56981 | Elf:2    | Reached XP level 20. HP: 170/193 MP: 33/33
 56997 | Elf:2    | Found a runed translucent gate.
 56998 | Elf:2    | Found a runed translucent gate.
 56998 | Elf:2    | Found a runed translucent gate.
 57977 | Elf:2    | Reached skill level 5 in Armour
 58045 | Elf:3    | Entered Level 3 of the Elven Halls
 58046 | Elf:3    | Found Poeczoiz's Book Emporium.
 58046 | Elf:3    | Found Icsuos Huet's Jewellery Shop.
 58047 | Elf:3    | Found Ytyr Qiu's Jewellery Shop.
 59071 | Elf:3    | Paralysed by an air elemental for 1 turns
 59374 | Elf:3    | Identified the +7 dagger "Tormentor" {freeze, Will+}
 59461 | Elf:3    | Got Sif Muna's Guidebook on the Atmospheric Chill
 59599 | Elf:3    | Reached skill level 10 in Spellcasting
 59664 | Elf:3    | Found the +8 autumn katana {vorpal, manifold assault}
 59680 | Elf:3    | Identified the +1 shortbow of Tuviaruc {freeze, +Blink
                  | rPois}
 59687 | Elf:3    | Identified the amulet "Libigyho" {RegenMP Int+6 SInv}
 59699 | Elf:3    | Got the Volume of Cold
 59711 | Elf:3    | Identified the +7 spear of the Screaming Gods {antimagic,
                  | Drain Fly rF+}
 59724 | Elf:3    | Identified the ring of Gin and Tonic {rC- rN++ MP+9 Str+2
                  | Int+6 Stlth+}
 60090 | Depths:1 | Entered Level 1 of the Depths
 60090 | Depths:1 | Found Hemuked's General Store.
 60175 | Depths:1 | Bought a scroll of teleportation for 42 gold pieces
 60234 | Depths:1 | Found Riog's Antique Weapon Shoppe.
 60290 | Depths:1 | Found Ebylecki's Weapon Shop.
 60293 | Depths:1 | Bought a fading hand crossbow for 229 gold pieces
 60293 | Depths:1 | Identified the +8 hand crossbow "Ozxeuj" {penet, rF+ rN++
                  | Will-} (You bought it in a shop on level 1 of the Depths)
 60350 | Depths:1 | Found Tepaus's Antique Armour Shop.
 60353 | Depths:1 | Bought a bloodstained scale mail for 378 gold pieces
 60353 | Depths:1 | Identified the +5 scale mail "Heewittafi" {rPois Int+8
                  | Dex+2 Stlth-} (You bought it in a shop on level 1 of the
                  | Depths)
 60355 | Depths:1 | Bought a distressingly furry scale mail for 378 gold pieces
 60355 | Depths:1 | Identified the +1 scale mail of the Turtle {Will- rCorr
                  | Str+3} (You bought it in a shop on level 1 of the Depths)
 60487 | Depths:1 | Found Veutofri's Distillery.
 60490 | Depths:1 | Bought 2 potions of haste for 300 gold pieces
 60490 | Depths:1 | Bought a potion of ambrosia for 120 gold pieces
 60490 | Depths:1 | Bought a potion of ambrosia for 120 gold pieces
 60675 | Depths:1 | Found a one-way gate to the infinite horrors of the Abyss.
 60678 | Depths:1 | Noticed Louise
 60685 | Depths:1 | Killed Louise
 61052 | Depths:1 | Reached skill level 1 in Transmutations
 61197 | Depths:1 | Got Qeshrig's Opusculum on Atmospheric Malediction
 61235 | Depths:1 | Got the Collected Works on Numb Toxins
 61247 | Depths:1 | Found a shimmering blue altar of Sif Muna.
 61648 | Depths:1 | Noticed a dread lich
 61651 | Depths:1 | Noticed a dread lich
 61666 | Depths:1 | Killed a dread lich
 61672 | Depths:1 | Killed a dread lich
 61823 | Depths:1 | Got the Folio of Boreal Ensorcelling
 61834 | Depths:1 | Got the Quarto of Focus
 61878 | Depths:1 | Identified the +7 ring mail of Inference {rCorr SInv}
 61879 | Depths:1 | Identified the +1 leather armour of Jigsaw {+Inv rElec rF-
                  | Str+6}
 62000 | Depths:2 | Learned a level 2 spell: Sublimation of Blood
 62013 | Depths:2 | Learned a level 4 spell: Leda's Liquefaction
 62090 | Depths:2 | Reached XP level 21. HP: 203/206 MP: 32/35
 62407 | Depths:2 | Found a one-way gateway to a ziggurat.
 62512 | Depths:2 | Found a one-way gate leading to the halls of Pandemonium.
 62514 | Depths:2 | Gained mutation: Your magical capacity is low. (-10% MP) [a
                  | neqoxec]
 62516 | Depths:2 | Reached skill level 1 in Translocations
 62655 | Depths:2 | Noticed Vv
 63036 | Depths:2 | Noticed Bai Suzhen
 63043 | Depths:2 | Killed Bai Suzhen
 63104 | Depths:2 | Found a runed translucent door.
 63106 | Depths:2 | Noticed a golden dragon
 63539 | Depths:3 | Noticed Parghit
 63931 | Depths:3 | Noticed a golden dragon
 63937 | Depths:3 | Killed a golden dragon
 64697 | Depths:3 | Noticed a juggernaut
 64704 | Depths:3 | Killed a juggernaut
 64767 | Depths:3 | Noticed a caustic shrike
 64775 | Depths:3 | Killed a caustic shrike
 65211 | Depths:4 | Entered Level 4 of the Depths
 65261 | Depths:4 | Found Sacuebek's General Store.
 65695 | Depths:4 | Found a gate to the Realm of Zot.
 65772 | Depths:4 | Noticed a golden dragon
 65778 | Depths:4 | Killed a golden dragon
 65872 | Depths:4 | Found a shadowy altar of Dithmenos.
 65897 | Depths:4 | Identified the +2 morningstar of Disharmony {chaos, rElec
                  | Int+2}
 66697 | Slime:1  | Entered Level 1 of the Pits of Slime
 66847 | Slime:2  | Reached skill level 5 in Transmutations
 66926 | Slime:2  | Reached XP level 22. HP: 217/217 MP: 24/33
 67047 | Slime:2  | Reached skill level 15 in Fighting
 67377 | Slime:5  | Entered Level 5 of the Pits of Slime
 67632 | Slime:5  | Found a viscous altar of Jiyva.
 67633 | Slime:5  | Noticed the Royal Jelly
 67672 | Slime:5  | Killed the Royal Jelly
 67979 | Slime:4  | Gained mutation: You have hidden genetic defects. [a
                  | shining eye]
 67984 | Slime:4  | Lost mutation: You have hidden genetic defects. [potion of
                  | mutation]
 67984 | Slime:4  | Lost mutation: Your magical capacity is low. (-10% MP)
                  | [potion of mutation]
 67984 | Slime:4  | Gained mutation: You have large cloven feet. [potion of
                  | mutation]
 68200 | Slime:5  | Found the +8 Wrath of Trog {antimagic, *Rage Rampage}
 68201 | Slime:5  | Found the +9 staff of Wucad Mu {*channel}
 68298 | Slime:5  | Got a slimy rune of Zot
 68307 | Slime:5  | Identified the +4 long sword of Hospitality {vamp, rF+ rC+
                  | Str+2 Int+2}
 68324 | Slime:5  | Identified the +2 flail of Hofesiz {drain, rPois rC- Will+}
 68340 | Slime:5  | Identified the +2 plate armour "Gegiof" {Slay+4}
 68885 | Vaults:5 | Noticed a golden dragon
 68893 | Vaults:5 | Killed a golden dragon
 68953 | Vaults:5 | Noticed a golden dragon
 68963 | Vaults:5 | Killed a golden dragon
 69339 | Vaults:5 | Noticed an ancient lich
 69349 | Vaults:5 | Killed an ancient lich
 69356 | Vaults:5 | Found Pohurukeh's Antique Armour Shoppe.
 69405 | Vaults:5 | Bought a glowing cloak for 285 gold pieces
 69435 | Vaults:5 | Reached skill level 10 in Armour
 69524 | Vaults:5 | Gained mutation: You regenerate a lot of health from kills.
                  | [demonic ancestry]
 69524 | Vaults:5 | Reached XP level 23. HP: 177/218 MP: 33/39
 69618 | Vaults:5 | Noticed an ancient lich
 69629 | Vaults:5 | Killed an ancient lich
 69836 | Vaults:5 | Reached skill level 1 in Evocations
 69925 | Vaults:5 | Identified the +7 glaive of Grandeur {drain, MP+9}
 69933 | Vaults:5 | Noticed Margery
 69941 | Vaults:5 | Killed Margery
 69988 | Vaults:5 | Identified the +4 dagger of Judgement {chaos, rElec Str+6}
 70146 | Vaults:5 | Reached skill level 15 in Dodging
 70734 | Vaults:5 | Identified the +2 flail of Insufficient Pleasure {vorpal,
                  | rF+ rN+ MP+9}
 70851 | Vaults:5 | Identified the ring "Ibyen" {rC+ Will+}
 71042 | Vaults:5 | Got a silver rune of Zot
 71052 | Vaults:5 | Got Khufu's Handbook of Iniquitous Rituals
 71621 | Depths:4 | Learned a level 8 spell: Borgnjor's Revivification
 71625 | Zot:1    | Entered Level 1 of the Realm of Zot
 71775 | Zot:1    | Found a runed translucent door.
 71775 | Zot:1    | Noticed purpskrrrp's ghost (master TrFi)
 72586 | Zot:1    | Identified the +4 long sword "Annehum" {freeze, rN+}
 73088 | Zot:2    | Reached skill level 5 in Evocations
 73966 | Zot:2    | Identified the -2 pair of boots "Opatiyha" {Harm +Blink
                  | rCorr Int-3}
 74054 | Zot:3    | Found a sacrificial altar of Ru.
 75407 | Zot:3    | Reached skill level 1 in Long Blades
 75779 | Zot:3    | Reached XP level 24. HP: 241/243 MP: 35/40
 75968 | Zot:3    | Reached skill level 5 in Long Blades
 77816 | Zot:5    | Entered Level 5 of the Realm of Zot
 78370 | Zot:5    | Noticed a dread lich
 78376 | Zot:5    | Noticed an orb of fire
 78377 | Zot:5    | Killed a dread lich
 78381 | Zot:5    | Gained mutation: Armour fits poorly on your strangely
                  | shaped body. [an orb of fire]
 78397 | Zot:5    | Killed an orb of fire
 78398 | Zot:5    | Reached skill level 10 in Long Blades
 78398 | Zot:5    | Noticed a dread lich
 78410 | Zot:5    | Noticed an orb of fire
 78414 | Zot:5    | Killed a dread lich
 78420 | Zot:5    | Gained mutation: You are weak. (Str -2) [an orb of fire]
 78425 | Zot:5    | Noticed a Killer Klown
 78430 | Zot:5    | Gained mutation: You are agile. (Dex +4, Str/Int -1) [an
                  | orb of fire]
 78433 | Zot:5    | Killed an orb of fire
 78449 | Zot:5    | Killed a Killer Klown
 78971 | Zot:5    | Noticed an orb of fire
 78979 | Zot:5    | Lost mutation: You have large cloven feet. [an orb of fire]
 78981 | Zot:5    | Gained mutation: You are occasionally teleported next to
                  | monsters. [an orb of fire]
 78988 | Zot:5    | Killed an orb of fire
 79141 | Zot:5    | Noticed an ancient lich
 79153 | Zot:5    | Killed an ancient lich
 79153 | Zot:5    | Noticed an orb of fire
 79167 | Zot:5    | Killed an orb of fire
 79210 | Zot:5    | Noticed an orb of fire
 79210 | Zot:5    | Noticed an ancient lich
 79216 | Zot:5    | Noticed a Killer Klown
 79221 | Zot:5    | Gained mutation: You have hidden genetic defects. [an orb
                  | of fire]
 79237 | Zot:5    | Noticed an ancient lich
 79249 | Zot:5    | Gained mutation: You are very weak. (Str -4) [an orb of
                  | fire]
 79257 | Zot:5    | Gained mutation: Potions are less effective at restoring
                  | your health. [an orb of fire]
 79257 | Zot:5    | Killed from afar by an ancient lich

Illustrated notes

Levels and vault maps discovered:
D:1:      scummos_arrival_simple_fountains, layout_rooms
D:2:      layout_basic
D:3:      layout_rooms, nicolae_overflow_hidden_temple,
          hellmonk_ecumenical_altar_dog_temple, minmay_increasing_density
D:4:      layout_basic, guppyfry_early_lair_pool
D:5:      layout_cave_pools, lemuel_crystal_altar, minmay_temple_entry_slanted,
          minmay_misc_feat_nine_boxes
D:6:      layout_loops_corners, mainiacjoe_overflow_surrounded_room,
          serial_shops, shop, nicolae_shop_hallway_plus, kennysheep_mini_moat
D:7:      minmay_razor_zed, layout_cave_pods, lemuel_doored_altar
D:8:      layout_cave_pools, ashenzari_conservatory_becter, dpeg_oklobed_lair
D:9:      layout_irregular_city, mainiacjoe_overflow_six_doors_small,
          gammafunk_ghost_ooze, serial_shops, kennysheep_mini
D:10:     layout_irregular_city, hellmonk_ghost_happy_afterlife,
          serial_column_ruins, column_ruins_square_large,
          column_ruins_columns_corner, column_ruins_columns_corner,
          column_ruins_columns_water, column_ruins_open_tiny,
          chequers_decorated_corner
D:11:     layout_loops_ring
D:12:     layout_roguey, orc_0_dummy, uniq_kirke
D:13:     minmay_firetagon, layout_loops_corners, david_vaults_1,
          portal_ice_cave_rime, uniq_jorgrun
D:14:     layout_stronghold, st_stairs_3
D:15:     grunt_enter_depths_hoard, layout_basic, lemuel_tele_altar,
          xom_confusion_cloud
Temple:   regret_index_temple_waves
Lair:1:   layout_small_grid, beast_lair_carwin_10, grunt_megastairs_5,
          lemuel_fruit_fields, lemuel_fruit_tree
Lair:2:   layout_layer_cave, minmay_snake_entry_guardpost_medium, basic_altar
Lair:3:   layout_misc_corridors, swamp_mist_pool, beast_lair_carwin_9,
          uniq_sonja, uniq_josephine, uniq_fannar, uniq_gastronok
Lair:4:   layout_cave_shapes, gammafunk_ghost_abyssal_escape,
          gauntlet_entry_generic, small_statue_intersection,
          serial_bayou_pond_d, nzn_sisyphean_effort, infiniplex_staircase_pool
Lair:5:   evil_forest, layout_cave_pods, slime_entry_1
Swamp:1:  layout_falls_marsh, hangedman_swamp_diagram, swamp_pool5,
          nicolae_swamp_little_swirl
Swamp:2:  layout_basic_swamp, ebering_ghost_reflecting_pool,
          nicolae_swamp_very_dense_foliage, nicolae_swamp_some_circles
Swamp:3:  layout_basic_swamp, evilmike_swamp_ruin_house_4, swamp_pool1,
          nicolae_swamp_soggy_hallways
Swamp:4:  swamp_basic_johnstein, layout_basic_swamp, nicolae_swamp_treefoil,
          swamp_pool4
Snake:1:  layout_misc_corridors
Snake:2:  layout_gridlike, minmay_shop_star
Snake:3:  layout_grid_maze
Snake:4:  hellmonk_snake_rune_quicksilver_temple, layout_misc_corridors
Slime:1:  layout_caves
Slime:2:  layout_caves
Slime:3:  layout_caves
Slime:4:  layout_caves
Slime:5
Orc:1:    layout_caves, basic_altar, guppyfry_orc_lava_fort
Orc:2:    st_orc_congregation, layout_caves, serial_shops, nicolae_square_shop
Elf:1:    eino_elf_arrival_altar, layout_geoelf_diagonals, serial_shops,
          nicolae_shop_advertising_works [nicolae_subvault_shop_adworks],
          hangedman_corner_corridor, st_stairs_9
Elf:2:    nicolae_elf_blades_crystal_corner, layout_geoelf_grid, uniq_louise
Elf:3:    elf_hall_gauntlet_narrow, layout_geoelf_octagon, minivault_20,
          minmay_shop_grove
Vaults:1: nicolae_vaults_little_squares_6, grunt_tower_of_power,
          nicolae_vaults_little_squares_5, hangedman_vaults_slice,
          hangedman_vaults_locks, vaults_dpeg_cross,
          ontoclasm_vaults_claustrophobia, v_misc_26, grunt_vaults_hallway_long,
          v_pattern_5, nicolae_vaults_little_squares_2,
          hangedman_vaults_stagger, layout_vaults_maze_snakey, serial_shops,
          nicolae_shop_waterfront
Vaults:2: vaults_mumra_chevron, vaults_room_door_hall, v_misc_29, v_rooms_5,
          minmay_crypt_entry_necro_gods, vaults_dpeg_encased_lava,
          vaults_standard_mumra_x, nicolae_vaults_big_angled_halls,
          nicolae_vaults_network_square, hangedman_vaults_maws, v_misc_16,
          nicolae_vaults_little_squares_3, layout_vaults_ring
Vaults:3: vaults_room_pools, st_cells, v_alt_pattern_5, v_misc_23,
          ontoclasm_vaults_bender, vaults_room_fours,
          ontoclasm_vaults_ring_square, layout_vaults_chaotic_city, uniq_zenata,
          uniq_boris
Vaults:4: v_misc_8, v_alt_pattern_1, nicolae_vaults_network_quinsquares
          [nicolae_vaults_network_quincunx_subvault,
          nicolae_vaults_network_quincunx_subvault,
          nicolae_vaults_network_quincunx_subvault,
          nicolae_vaults_network_quincunx_subvault], v_misc_12,
          grunt_vaults_focal, gammafunk_sealed_library, v_misc_16, v_misc_15,
          hangedman_vaults_impose, nicolae_vaults_back_hallway,
          vaults_room_semicircle, vaults_room_pool, grunt_vaults_funnel,
          layout_vaults_omnicross
Vaults:5: uniq_margery
Depths:1: evilmike_library_of_no_secrets, layout_cave_pools,
          nicolae_abyss_entry_one_way_or_another, serial_shops,
          nicolae_shop_behind_doors, shop, nicolae_square_shop,
          nicolae_shop_behind_doors, nicolae_shop_statue_plus, hell_entry,
          zin_academy
Depths:2: minmay_gate_of_8, layout_gridlike, enter_ziggurat_f,
          grunt_mini_vestibule, grunt_pan_entry_spiral, kennysheep_nub,
          infiniplex_staircase_pillars_1, uniq_vv, uniq_bai_suzhen
Depths:3: evilmike_pillar_path, layout_small_grid, abyss_entry_glasseish,
          pf_coc_iceberg, uniq_parghit
Depths:4: evilmike_zot_entry_round, layout_cave_pools, serial_shops, shop,
          pf_hell_entry_tar_spiral, serial_column_ruins, column_ruins_open_tiny,
          column_ruins_open_small_water, column_ruins_open_tiny,
          column_ruins_open_tiny, nicolae_dithmenos_shadow_blocks,
          hangedman_decor_push, grunt_ministairs_5, serial_bayou_ford_a
Zot:1:    layout_gridlike, hellmonk_ghost_big_iron
Zot:2:    layout_cellular_growth, st_small_dragon_hoard_3,
          lemuel_baited_zot_trap, bh_zot_lava_cross, lemuel_flame_loot_1
Zot:3:    layout_gridlike, basic_altar, grunt_megastairs_2
Zot:4:    layout_gridlike, grunt_megastairs_1
Zot:5:    layout_gridlike, grunt_ministairs_3, drop_trap

Skill      XL: |  1  2  3  4  5  6  7  8  9 10 11 12 13 14 15 16 17 18 19 20 21 22 23 24 |
---------------+-------------------------------------------------------------------------+-----
Ranged Weapons | 2 3 4 5 6 7 8 9 10 12 14 15 18 21 22 | 22.0
Dodging        | 2 3 4 5 6 7 8 9 10 11 12 13 14 15 | 15.8
Fighting       | 2 3 4 5 6 7 8 10 11 12 14 15 17 | 17.3
Spellcasting   | 2 3 4 6 7 9 10 11 12 13 | 13.8
Hexes          | 4 5 6 7 8 9 |  9.1
Necromancy     | 3 5 8 10 12 14 17 18 19 20 21 | 21.1
Earth Magic    | 1 5 |  5.0
Armour         | 4 6 8 10 | 10.2
Transmutations | 2 5 6 |  6.0
Translocations | 4 |  4.0
Evocations     | 5 |  5.8
Long Blades    | 4 12 | 12.0

Action                   |  1- 3 |  4- 6 |  7- 9 | 10-12 | 13-15 | 16-18 | 19-21 | 22-24 || total
-------------------------+-------+-------+-------+-------+-------+-------+-------+-------++-------
Melee: Katana            |       |       |       |       |       |       |     3 |   152 ||   155
       Touch             |       |       |       |       |       |       |     2 |    42 ||    44
       Punch             |       |       |       |       |       |       |       |     2 ||     2
 Fire: Sling             |   135 |   311 |   230 |       |       |       |       |       ||   676
       Longbow           |       |       |   207 |   525 |   557 |  1083 |  1306 |   744 ||  4422
       Arbalest          |       |       |       |       |   499 |       |       |       ||   499
       Hand crossbow     |       |       |       |       |       |       |    10 |   470 ||   480
 Cast: Slow              |     2 |    13 |    25 |    20 |     5 |       |       |       ||    65
       Inner Flame       |       |     2 |       |       |       |       |       |       ||     2
       Cause Fear        |       |       |     2 |     2 |     3 |     4 |       |     1 ||    12
       Animate Dead      |       |       |       |       |     4 |     1 |     2 |     1 ||     8
       Portal Projectile |       |       |       |       |     2 |       |     1 |       ||     3
       Borgnjor's Vile C |       |       |       |       |       |    28 |    45 |     3 ||    76
       Dispel Undead     |       |       |       |       |       |     4 |       |       ||     4
       Death Channel     |       |       |       |       |       |     3 |     2 |     1 ||     6
       Wereblood         |       |       |       |       |       |       |       |     5 ||     5
Invok: Unearth Wretches  |       |       |       |       |     4 |       |       |       ||     4
       Brand Weapon With |       |       |       |       |     1 |       |       |       ||     1
Evoke: Wand              |       |     1 |     1 |       |       |     1 |     7 |     3 ||    13
  Use: Potion            |     1 |     3 |     1 |     6 |     7 |     8 |     3 |    16 ||    45
       Scroll            |       |     7 |    13 |     9 |    16 |     6 |     6 |    10 ||    67
 Stab: Invisible         |       |       |       |       |       |       |       |     4 ||     4
Armor: Robe              |    11 |    39 |    62 |       |       |       |       |       ||   112
       Skin              |    10 |       |       |       |       |       |       |       ||    10
       Acid dragon scale |       |       |    27 |   148 |   113 |       |       |       ||   288
       Steam dragon scal |       |       |     7 |       |       |       |       |       ||     7
       Ring mail         |       |       |       |       |    19 |   131 |    61 |       ||   211
       Scale mail        |       |       |       |       |       |       |    91 |   442 ||   533
Dodge: Dodged            |    48 |   140 |   213 |   284 |   354 |   255 |   246 |   721 ||  2261

Table legend: (Time is in decaauts)
 A = Elapsed time spent in this place.
 B = Non-inter-level travel time spent in this place.
 C = Inter-level travel time spent in this place.
 D = Time resting spent in this place.
 E = Time spent auto-exploring this place.
 F = Levels seen in this place.
 G = Mean time per level.
                   A        B        C        D        E       F      G
               +--------+--------+--------+--------+--------+-----+--------+
         Total |  80260 |  75497 |   4763 |  21153 |  39811 |  55 | 1459.3 |
       Dungeon |  23723 |  21908 |   1815 |   6332 |  12143 |  15 | 1581.5 |
        Temple |    401 |    401 |      0 |    352 |     21 |   1 |  401.0 |
          Lair |  13273 |  12536 |    737 |   4746 |   5607 |   5 | 2654.6 |
         Swamp |   4012 |   3838 |    174 |    751 |   2294 |   4 | 1003.0 |
     Snake Pit |   4953 |   4727 |    226 |    866 |   3169 |   4 | 1238.2 |
    Slime Pits |   1643 |   1596 |     47 |    687 |      0 |   5 |  328.6 |
  Orcish Mines |   3576 |   3370 |    206 |   1341 |   1194 |   2 | 1788.0 |
   Elven Halls |   4120 |   4001 |    119 |    775 |   2388 |   3 | 1373.3 |
        Vaults |   8725 |   8081 |    644 |   1345 |   5315 |   5 | 1745.0 |
        Depths |   6412 |   5927 |    485 |   1460 |   3131 |   4 | 1603.0 |
           Zot |   7800 |   7495 |    305 |   1736 |   4279 |   5 | 1560.0 |
      Ice Cave |    774 |    774 |      0 |    280 |    156 |   1 |  774.0 |
      Gauntlet |    842 |    842 |      0 |    480 |    112 |   1 |  842.0 |
               +--------+--------+--------+--------+--------+-----+--------+

Top non-repeatable levels by time:
  Lair:2: 4274 daAuts
Vaults:4: 2982 daAuts
     D:8: 2977 daAuts
   Orc:2: 2896 daAuts
  Lair:3: 2804 daAuts
   Zot:2: 2588 daAuts
  Lair:5: 2332 daAuts
  Lair:1: 2194 daAuts
     D:6: 2186 daAuts
Vaults:5: 2170 daAuts
    D:13: 2004 daAuts
Depths:1: 2003 daAuts
Depths:2: 1987 daAuts
Vaults:2: 1883 daAuts
   Elf:3: 1748 daAuts
